 Dungeon Crawl Stone Soup version 0.24.0-123-gd5b16e6ec5 (webtiles) character file.

Game seed: 1073199189782450632, levelgen mode: deterministic

123 Goreval the Skirmisher (level 5, -1/43 HPs)
             Began as a Barachi Fighter on Feb 5, 2020.
             Slain by Natasha (2 damage)
             ... on level 3 of the Dungeon.
             The game lasted 00:02:52 (2585 turns).

Goreval the Skirmisher (Barachi Fighter)            Turns: 2585, Time: 00:02:53

Health: -1/43      AC:  7    Str: 18    XL:     5   Next: 7%
Magic:  5/5        EV:  7    Int:  8    God:
Gold:   137        SH:  9    Dex: 12    Spells: 4/4 levels left

rFire    . . .     SeeInvis .   a - +0 long sword
rCold    . . .     Gourm    .   c - +0 shield
rNeg     . . .     Faith    .   b - +0 scale mail
rPois    .         Spirit   .   (no helmet)
rElec    .         Reflect  .   (no cloak)
rCorr    .         Harm     .   (no gloves)
MR       .....                  (no boots)
Stlth    ..........             k - amulet of inaccuracy (curse)
HPRegen  0.14/turn              (no ring)
MPRegen  0.09/turn              (no ring)

@: slow
A: +LOS, swims, slowness 1, strong legs 1
a: Hop


You were on level 3 of the Dungeon.
You were not hungry.

You visited 1 branch of the dungeon, and saw 3 of its levels.

You collected 137 gold pieces.

Inventory:

Hand Weapons
 a - a +0 long sword (weapon)
Missiles
 e - 40 stones (quivered)
Armour
 b - a +0 scale mail (worn)
 c - a +0 shield (worn)
Jewellery
 k - a cursed amulet of inaccuracy (around neck)
Scrolls
 g - a scroll of teleportation {unknown}
 j - a scroll of identify {unknown}
 l - 3 scrolls of enchant armour {unknown}
 n - a scroll of immolation {unknown}
 o - 2 scrolls of magic mapping {unknown}
Potions
 d - 3 potions of might
 h - 2 potions of cancellation {unknown}
 i - 2 potions of curing {unknown}
Comestibles
 f - 6 rations
 m - 6 chunks of flesh


   Skills:
 + Level 4.4 Fighting
 * Level 4.3 Long Blades
 + Level 4.4 Armour
 + Level 4.0 Shields


You had 4 spell levels left.
You didn't know any spells.
Your spell library was empty.

Dungeon Overview and Level Annotations

Branches:
Dungeon (3/15)

Altars:

Annotations:
D:3 Natasha


Innate Abilities, Weirdness & Mutations

Shadows flee at your approach. (+LOS)
You can swim through water.
You cover ground slowly.
You can hop short distances.


Message History

Natasha casts a spell.
Natasha casts a spell at you. The magic dart hits you.
* * * LOW HITPOINT WARNING * * *
You slash Natasha! Natasha barely misses you. The white imp hits you.
* * * LOW HITPOINT WARNING * * *
The white imp freezes you.
* * * LOW HITPOINT WARNING * * *
You barely miss Natasha. Natasha claws you.
* * * LOW HITPOINT WARNING * * *
The white imp barely misses you. You block Natasha's attack.
You miss Natasha.
The white imp sputters.
You block the white imp's attack. Natasha claws you but does no damage.
The white imp closely misses you.
You riposte.
Your shield and scale mail prevent you from hitting the white imp.
You miss Natasha.
The orc shouts!
Natasha claws you.
You die...

... #....)...#.# ..####
.. #..........##.....#.
#..#.....#.#.......o
.....#....(#..........
............(.........o
..............รท.........
.?.............#o....o..?
........#........(.......
............#5@##........
...#..##.#h.# #.......
.##.. #.#..# ##...## ..
...... ..... ..#.# ####
...#.# ....#.. .....#..
..... #.#


You could see Natasha, a white imp and 2 orcs.

Vanquished Creatures
  Natasha (D:3)
  3 adders (D:2)
  4 worms (D:2)
  2 dart slugs
  2 leopard geckos (D:1)
  5 giant cockroaches
  4 goblins
  4 hobgoblins
  5 jackals
  12 kobolds
  A ball python (D:1)
  3 bats
  3 frilled lizards
  2 rats (D:1)
51 creatures vanquished.

Notes
Turn   | Place    | Note
-------+----------+-------------------------------------------
     0 | D:1      | Goreval the Barachi Fighter began the quest for the Orb.
     0 | D:1      | Reached XP level 1. HP: 18/18 MP: 1/1
   113 | D:1      | Reached XP level 2. HP: 25/25 MP: 2/2
   514 | D:1      | Reached XP level 3. HP: 30/30 MP: 3/3
  1294 | D:2      | Reached XP level 4. HP: 23/37 MP: 4/4
  2559 | D:3      | Noticed Natasha
  2571 | D:3      | Killed Natasha
  2571 | D:3      | Reached XP level 5. HP: 11/43 MP: 5/5
  2578 | D:3      | Noticed Natasha
  2582 | D:3      | HP: 2/43 [white imp[Natasha] (4)]
  2585 | D:3      | Slain by Natasha

Levels and vault maps discovered:
D:1:      minmay_arrival_loop, layout_loops_ring, minmay_crystal_water
D:2:      layout_basic, first_ration
D:3:      layout_rooms, minmay_misc_feat_alley, cheibrodos_gnoll_hut,
          uniq_natasha

Skill      XL: |  1  2  3  4 |
---------------+-------------+-----
Long Blades    | 3 4 |  4.3
Fighting       | 4 |  4.4
Armour         | 4 |  4.4
Shields        | 4 |  4.0

Action                   |  1- 3 |  4- 6 || total
-------------------------+-------+-------++-------
Melee: Long sword        |   134 |    93 ||   227
Throw: Stone             |    16 |    18 ||    34
  Eat: Chunk             |     2 |     5 ||     7
Armor: Scale mail        |    76 |    33 ||   109
Dodge: Dodged            |    58 |    28 ||    86
Block: Shield            |    91 |    41 ||   132
       Rpst.: Long sword |    11 |    12 ||    23
